 Dungeon Crawl Stone Soup version 0.28-b1-25-g9875b3fc8c (webtiles) character file.

Game seed: 13046382991526366074

7899 pkoi the Destroyer (level 11, -11/82 HPs)
             Began as a Grey Draconian Conjurer on Feb 2, 2022.
             Was a Priest of Vehumet.
             Mangled by a two-headed ogre (18 damage)
             ... on level 9 of the Dungeon.
             The game lasted 00:19:36 (17138 turns).

pkoi the Destroyer (Grey Draconian Conjurer)       Turns: 17138, Time: 00:19:36

Health: -11/82     AC: 14    Str: 17    XL:     11   Next: 2%
Magic:  17/21      EV: 14    Int: 20    God:    Vehumet [***...]
Gold:   407        SH:  0    Dex: 15    Spells: 10/23 levels left

rFire   . . .      SeeInvis .   d - staff of conjuration
rCold   . . .      Faith    .   (no shield)
rNeg    . . .      Spirit   .   (armour unavailable)
rPois   +          Reflect  .   (helmet restricted)
rElec   .          Harm     .   (no cloak)
rCorr   +          Rampage  .   m - +0 pair of gloves
Will    .....                   D - +0 pair of boots
Stlth   ++........              x - amulet of magic regeneration
HPRegen 0.23/turn               o - +6 ring of dexterity
MPRegen 0.57/turn               C - ring "Ykynoed" {rPois rCorr Str+4}

@: no status effects
A: AC +12, amphibious, unfitting armour, cold-blooded
a: Renounce Religion


You were on level 9 of the Dungeon.
You worshipped Vehumet.
Vehumet was most pleased with you.
You visited 2 branches of the dungeon, and saw 11 of its levels.

You collected 567 gold pieces.
You spent 160 gold pieces at shops.

Inventory:

Hand Weapons
 c - a +1 dagger of draining
 u - a +6 long sword of freezing
Missiles
 s - 6 throwing nets
Armour
 m - a +0 pair of gloves (worn)
 D - a +0 pair of boots (worn)
Magical Staves
 a - a staff of poison
 d - a staff of conjuration (weapon)
Jewellery
 e - the amulet "Getwie" {Acrobat Rampage rC+}
   (You found it on level 3 of the Dungeon)

   [amulet of the acrobat]

   It increases your evasion while moving and waiting.
   rC:        It protects you from cold.
   Rampage:   It bestows one free step when moving towards enemies.
 k - an amulet of the acrobat
 o - a +6 ring of dexterity (left hand)
 x - an amulet of magic regeneration (around neck)
 B - an amulet of reflection
 C - the ring "Ykynoed" (right hand) {rPois rCorr Str+4}
   (You acquired it on level 10 of the Dungeon)

   [ring of resist corrosion]

   Str:       It affects your strength (+4).
   rPois:     It protects you from poison.
   rCorr:     It protects you from acid and corrosion.
Wands
 n - a wand of polymorph (2)
 r - a wand of mindburst (12)
 t - a wand of digging (10)
 y - a wand of charming (6)
 A - a wand of flame (20)
Scrolls
 l - 2 scrolls of enchant weapon
 v - a scroll of fog
 w - a scroll of teleportation
 z - 2 scrolls of blinking
Potions
 b - a potion of brilliance
 f - a potion of might
 g - a potion of heal wounds
 h - a potion of resistance
 j - 3 potions of curing
 p - 2 potions of lignification
 q - a potion of mutation
 E - 2 potions of flight


   Skills:
 - Level 3.0 Fighting
 + Level 5.8 Staves
 + Level 5.4 Dodging
 - Level 1.7 Stealth
 + Level 6.9 Spellcasting
 + Level 10.2 Conjurations
 - Level 3.0 Translocations
 * Level 5.9 Earth Magic
 - Level 6.0 Evocations


You had 10 spell levels left.
You knew the following spells:

 Your Spells              Type           Power      Damage    Failure   Level
a - Magic Dart            Conj           100%       1d8       1%          1
b - Searing Ray           Conj           100%       2d8       1%          2
c - Iskenderun's Mystic   Conj/Tloc      50%        2d11      1%          4
d - Iron Shot             Conj/Erth      28%        9d6       13%         6

Your spell library contained the following spells:

 Spells                   Type           Power      Damage    Failure   Level
 Ignite Poison            Fire/Tmut/Pois 6%         N/A       8%          3
 Dazzling Flash           Conj/Hex       82%        N/A       1%          3
 Fulminant Prism          Conj/Hex       20%        3d13      3%          4
 Ensorcelled Hibernation  Hex/Ice        12%        N/A       14%         2
 Portal Projectile        Hex/Tloc       24%        N/A       16%         3
 Spider Form              Tmut/Pois      6%         N/A       28%         3
 Anguish                  Hex/Necr       3%         N/A       67%         4
 Blade Hands              Tmut           3%         N/A       95%         5
 Excruciating Wounds      Necr           3%         N/A       95%         5
 Animate Armour           Summ/Erth      Unusable   N/A       N/A         4

Dungeon Overview and Level Annotations

Branches:
Dungeon (10/15)            Temple (1/1) D:5
   Lair: D:8-11         Orc: D:9-12

Altars:
Ashenzari
Cheibriados
Dithmenos
Elyvilon
Fedhas
Gozag
Hepliaklqana
Kikubaaqudgha
Makhleb
Nemelex Xobeh
Okawaru
Qazlal
Ru
Sif Muna
Trog
Uskayaw
Vehumet
Wu Jian
Xom
Yredelemnul
Zin
The Shining One

Shops:
D:3 (   D:4 [?*([   D:7 *

Annotations:
D:4 Eustachio


Innate Abilities, Weirdness & Mutations

Your dull iron-grey scales are very hard. (AC +12)
You are amphibious.
You cannot fit into any form of body armour.
You are cold-blooded and may be slowed by cold attacks.


Message History

You finish channelling your searing ray.
The two-headed ogre hits you but does no damage.
The two-headed ogre closely misses you.
Casting: Searing Ray (safe; 1% risk of failure)
Confirm with . or Enter, or press ? or * to list all spells.
Aiming: Searing Ray (safe; 1% risk of failure)
Press: ? - help, Shift-Dir - straight line, f/p - two-headed ogre
Aim: a two-headed ogre, wielding two +0 giant clubs (moderately wounded, 92% to hit)
You feel a surge of power!
The searing ray hits the two-headed ogre.
The two-headed ogre is heavily wounded. (Press . to maintain the ray.)
The two-headed ogre hits you with a +0 giant club!!
The two-headed ogre barely misses you.
The searing ray hits the two-headed ogre!
The two-headed ogre is heavily wounded.
The two-headed ogre hits you with a +0 giant club! x2
The searing ray hits the two-headed ogre!
The two-headed ogre is severely wounded.
The two-headed ogre closely misses you. The two-headed ogre barely misses you.
The searing ray hits the two-headed ogre!
The two-headed ogre is almost dead.
You finish channelling your searing ray.
The two-headed ogre hits you with a +0 giant club!
* * * LOW HITPOINT WARNING * * *
The two-headed ogre hits you with a +0 giant club!
* * * LOW HITPOINT WARNING * * *
Okay, then.
Okay, then.
Aiming: Mindburst
Press: ? - help, Shift-Dir - straight line, f/p - two-headed ogre
Aim: a two-headed ogre, wielding two +0 giant clubs (almost dead, chance to affect: 71%)
The two-headed ogre struggles to resist.
Unknown command.
Aiming: Mindburst
Press: ? - help, Shift-Dir - straight line, f/p - two-headed ogre
Aim: a two-headed ogre, wielding two +0 giant clubs (almost dead, chance to affect: 71%)
The two-headed ogre struggles to resist.
The two-headed ogre hits you with a +0 giant club!!
You die...

#...≈≈≈≈.. .
#.≈≈≈.≈≈≈.. ≈
#....≈≈≈..≈ ≈
#..≈≈≈≈≈≈≈. ≈
#######....≈≈≈≈≈≈≈≈≈≈≈
#..........≈..≈≈≈≈≈≈..
#.#####.......≈.≈... .
#.# #.O....(....... .
#.# #@#.#.###.....# .
#.# #.#.#.# ###..# #
#.###.#.#.######..#
#.......#.........#
#####.##########'##
#.### ##...## #...#
##.....## ##..#
##.......##
##...####.........#


You could see a two-headed ogre.

Vanquished Creatures
  Harold (D:7)
  2 centaur zombies
  A troll (D:9)
  2 wyverns
  7 yaks
  3 steam dragons
  Menkaure (D:4)
  5 water moccasins
  Duvessa (D:4)
  2 ice beasts
  3 orc warriors
  A black bear (D:7)
  A hornet zombie (D:8)
  4 wolves (D:9)
  2 centaurs
  4 ogres
  2 necrophages
  A phantom (D:5)
  5 kobold brigands
  5 bullfrogs
  A wyvern zombie (D:6)
  A gnoll sergeant (D:7)
  Dowan (D:4)
  6 killer bees (D:9)
  3 wights (D:6)
  A howler monkey (D:9)
  3 electric eels
  2 bullfrog zombies (D:6)
  4 hounds
  4 orc priests (D:7)
  A bullfrog skeleton (D:6)
  2 jellies (D:4)
  3 iguanas
  Ijyb (D:3)
  Natasha (twice) (D:2)
  10 orc wizards
  3 killer bee zombies
  A howler monkey zombie (D:7)
  A howler monkey skeleton (D:7)
  8 gnolls
  7 adders
  2 shadow imps
  A white imp (D:5)
  An adder skeleton (D:5)
  2 worms (D:2)
  3 dart slugs
  31 orcs
  10 endoplasms
  3 giant cockroaches
  10 goblins
  5 hobgoblins
  28 kobolds
  A quokka (D:2)
  14 ball pythons
  5 bats
  5 frilled lizards
  5 rats
244 creatures vanquished.

Vanquished Creatures (others)
  13 plants (D:5)
13 creatures vanquished.

Grand Total: 257 creatures vanquished

Notes
Turn   | Place    | Note
-------+----------+-------------------------------------------
     0 | D:1      | pkoi the Draconian Conjurer began the quest for the Orb.
     0 | D:1      | Reached XP level 1. HP: 14/14 MP: 3/3
   223 | D:1      | Reached XP level 2. HP: 20/20 MP: 1/5
   518 | D:1      | Learned a level 2 spell: Searing Ray
  1052 | D:1      | Reached XP level 3. HP: 26/26 MP: 3/6
  2131 | D:2      | Reached skill level 5 in Conjurations
  2131 | D:2      | Reached XP level 4. HP: 26/33 MP: 3/8
  2494 | D:2      | Learned a level 4 spell: Iskenderun's Mystic Blast
  2855 | D:2      | Noticed Natasha
  2860 | D:2      | Killed Natasha
  3272 | D:2      | Identified a scroll of acquirement
  3272 | D:2      | Acquired a staff of conjuration
  3431 | D:2      | Noticed Natasha
  3439 | D:2      | Killed Natasha
  3440 | D:2      | Reached XP level 5. HP: 36/38 MP: 0/9
  3685 | D:3      | Found Reveof's Weapon Emporium.
  3864 | D:3      | Reached skill level 1 in Translocations
  3897 | D:3      | Identified the amulet "Getwie" {Acrobat Rampage rC+}
  4786 | D:4      | Found Vuej Vobb's Antique Armour Shop.
  4874 | D:4      | Found Konemn's Assorted Antiques.
  4894 | D:4      | Bought a potion of heal wounds for 160 gold pieces
  5019 | D:4      | Found Uciutaol's Magic Scroll Boutique.
  5074 | D:4      | Noticed Duvessa
  5074 | D:4      | Noticed Dowan
  5096 | D:4      | Found Hahiytuj's Antique Weapon Shoppe.
  5113 | D:4      | Killed Duvessa
  5114 | D:4      | Reached skill level 1 in Evocations
  5114 | D:4      | Reached XP level 6. HP: 22/45 MP: 2/11
  5371 | D:4      | Killed Dowan
  5372 | D:4      | Reached skill level 6 in Conjurations
  5666 | D:4      | Found Fouhaqyt's Armour Shop.
  5927 | D:4      | Noticed Menkaure
  5932 | D:4      | Killed Menkaure
  5933 | D:4      | Your scales start taking on a dull iron-grey colour.
  5933 | D:4      | Reached XP level 7. HP: 27/50 MP: 6/12
  6156 | D:4      | Noticed Eustachio
  6200 | D:5      | Entered Level 5 of the Dungeon
  6794 | D:5      | Found a staircase to the Ecumenical Temple.
  6812 | Temple   | Entered the Ecumenical Temple
  6931 | Temple   | Became a worshipper of Vehumet
  6980 | D:5      | Noticed a yak
  6994 | D:5      | Noticed a yak
  6998 | D:5      | Noticed a yak
  7331 | D:5      | Noticed Ijyb
  7680 | D:3      | Killed Ijyb
  7681 | D:3      | Reached skill level 7 in Conjurations
  7863 | D:5      | Noticed a yak
  7872 | D:4      | Killed a yak
  8013 | D:5      | Reached XP level 8. HP: 57/57 MP: 4/14
  8575 | D:5      | Reached skill level 5 in Spellcasting
  8575 | D:5      | Reached skill level 8 in Conjurations
  9480 | D:6      | Found a sacrificial altar of Ru.
 10262 | D:6      | Reached skill level 9 in Conjurations
 10262 | D:6      | Reached XP level 9. HP: 63/63 MP: 8/17
 10343 | D:6      | Reached skill level 1 in Staves
 10413 | D:6      | Reached skill level 1 in Fighting
 11644 | D:6      | You fall into a shaft and drop 3 floors!
 11653 | D:9      | Reached skill level 5 in Evocations
 11658 | D:9      | Noticed a troll
 11673 | D:9      | Killed a troll
 11971 | D:9      | Reached * piety under Vehumet
 11971 | D:9      | Offered knowledge of Freeze by Vehumet.
 12237 | D:9      | Noticed a two-headed ogre
 12693 | D:9      | Reached XP level 10. HP: 70/77 MP: 11/19
 12876 | D:9      | Learned a level 6 spell: Iron Shot
 13042 | D:8      | Reached ** piety under Vehumet
 13043 | D:8      | Offered knowledge of Poisonous Vapours by Vehumet.
 13149 | D:8      | Reached skill level 1 in Earth Magic
 14160 | D:8      | Reached skill level 5 in Staves
 14612 | D:10     | Entered Level 10 of the Dungeon
 14874 | D:10     | Acquired the ring "Ykynoed" {rPois rCorr Str+4}
 14975 | D:7      | Offered knowledge of Frozen Ramparts by Vehumet.
 14982 | D:7      | Reached skill level 10 in Conjurations
 14994 | D:7      | Reached skill level 5 in Dodging
 14996 | D:7      | Reached *** piety under Vehumet
 15237 | D:7      | Noticed Harold
 15255 | D:7      | Killed Harold
 15256 | D:7      | Reached skill level 5 in Earth Magic
 15890 | D:7      | Offered knowledge of Ignite Poison by Vehumet.
 16012 | D:7      | Found Garchaoph's Fire Supplies.
 16708 | D:9      | Reached XP level 11. HP: 61/82 MP: 17/21
 17138 | D:9      | Mangled by a two-headed ogre

Illustrated notes

Levels and vault maps discovered:
D:1:      wheals_arrival_shading, layout_basic
D:2:      layout_loops_ring, dk_noncrumbling_2, minmay_snake_closets,
          uniq_natasha
D:3:      layout_basic, serial_shops, shop
D:4:      layout_loops_ring, serial_shops, nicolae_shop_window_shopping, shop,
          nicolae_shop_behind_doors, nicolae_shop_behind_doors, shop,
          uniq_eustachio, uniq_duvessa, uniq_menkaure
D:5:      layout_basic, minmay_temple_entry_trees, lexackson_kobold_supper,
          uniq_ijyb
D:6:      layout_layer_cave, nicolae_ru_path_of_blood,
          kennysheep_opposing_triangles
D:7:      layout_loops_cross, nicolae_shop_fire_sale [nicolae_sub_dead_trees],
          uniq_harold
D:8:      layout_basic
D:9:      layout_loops_corners, erik_lair_island, minmay_strange_pillars
D:10:     layout_long_grid
Temple:   compressed_dpeg_circular_temple

Skill      XL: |  1  2  3  4  5  6  7  8  9 10 |
---------------+-------------------------------+-----
Dodging        | 2 3 4 5 |  5.4
Conjurations   | 5 6 7 9 10 | 10.2
Spellcasting   | 3 4 5 6 |  6.9
Translocations | 1 2 3 |  3.0
Evocations     | 1 3 4 5 6 |  6.0
Staves         | 4 5 |  5.8
Fighting       | 3 |  3.0
Earth Magic    | 5 |  5.9
Stealth        | |  1.7

Action                   |  1- 3 |  4- 6 |  7- 9 | 10-12 || total
-------------------------+-------+-------+-------+-------++-------
Melee: Staff             |    24 |     7 |    55 |     8 ||    94
       Tailslap          |       |     1 |     5 |     2 ||     8
       Unarmed           |       |       |    36 |       ||    36
 Cast: Magic Dart        |    83 |    73 |   135 |   110 ||   401
       Searing Ray       |       |    11 |    58 |    49 ||   118
Evoke: Wand              |       |       |       |     2 ||     2
  Use: Scroll            |       |     8 |     4 |     5 ||    17
       Potion            |       |     3 |     1 |     1 ||     5
Armor: Skin              |    11 |     5 |    58 |    60 ||   134
Dodge: Dodged            |    23 |    36 |   208 |   107 ||   374
